 Dungeon Crawl Stone Soup version 0.30-a0-1008-g30c9307041 (webtiles) character file.

Game seed: 11650213493771029650

493 PimpSugar the Magician (level 6, -2/44 HPs)
             Began as a Demonspawn Hedge Wizard on Apr 5, 2023.
             Slain by an orc warrior
             ... wielding a +0 trident
              (15 damage)
             ... on level 6 of the Dungeon.
             The game lasted 00:13:27 (3389 turns).

PimpSugar the Magician (Demonspawn Hedge Wizard)    Turns: 3389, Time: 00:13:27

Health: -2/44      AC:  2    Str: 10    XL:     6   Next: 92%
Magic:  12/12      EV: 17    Int: 17    God:
Gold:   158        SH:  0    Dex: 13    Spells: 4/13 levels left

rFire   . . .      SeeInvis .    k - +1 war axe (elec)
rCold   . . .      Faith    .    (no shield)
rNeg    . . .      Spirit   .    b - +0 robe
rPois   .          Reflect  .    c - +0 hat
rElec   .          Rampage  .    (no cloak)
rCorr   .                        (no gloves)
Will    .....                    (no boots)
Stlth   ++                       (no amulet)
HPRegen 0.27/turn                n - +5 ring of evasion
MPRegen 0.13/turn                (no ring)

@: invisible
A: horns 2, ignite blood 1
a: no special abilities


You were on level 6 of the Dungeon.
You visited 1 branch of the dungeon, and saw 6 of its levels.

You collected 179 gold pieces.
You spent 21 gold pieces at shops.

Inventory:

Hand Weapons
 a - a +0 dagger
 k - a +1 war axe of electrocution (weapon)
 r - a +1 dagger of venom
Missiles
 e - 12 stones
Armour
 b - a +0 robe (worn)
 c - a +0 hat (worn)
Jewellery
 n - a +5 ring of evasion (left hand)
Wands
 v - a wand of polymorph (4)
Scrolls
 f - a scroll of silence {unknown}
 h - a scroll of butterflies
 i - a scroll of magic mapping {unknown}
 p - a scroll of enchant weapon {unknown}
 q - a scroll of teleportation
 t - a scroll of amnesia
 u - a scroll of fog {unknown}
 w - a scroll of identify
Potions
 d - a potion of magic
 g - 5 potions of mutation
 j - a potion of degeneration
 l - a potion of curing
 m - a potion of might {unknown}
 o - 2 potions of brilliance
 s - a potion of invisibility


   Skills:
 + Level 2.0 Fighting
 + Level 2.7 Dodging
 + Level 2.7 Stealth
 * Level 4.1 Spellcasting
 * Level 3.1 Conjurations
 + Level 1.6 Hexes
 + Level 2.2 Summonings
 + Level 2.0 Translocations
 + Level 1.2 Air Magic


You had 4 spell levels left.
You knew the following spells:

 Your Spells              Type           Power      Damage    Failure   Level
a - Magic Dart            Conj           56%        1d5       4%          1
b - Call Imp              Summ           11%        N/A       10%         2
c - Vhi's Electric Charg  Tloc/Air       18%        N/A       24%         3
d - Slow                  Hex            36%        N/A       8%          1
e - Blink                 Tloc           20%        N/A       10%         2

Your spell library contained the following spells:

 Spells                   Type           Power      Damage    Failure   Level
 Kiss of Death            Conj/Necr      32%        2d7       9%          1
 Necrotise                Necr           12%        1d4       16%         1
 Cigotuvi's Dreadful Rot  Necr/Pois/Air  8%         N/A       21%         2
 Confusing Touch          Hex            9%         N/A       24%         3
 Mephitic Cloud           Conj/Pois/Air  8%         N/A       26%         3
 Vampiric Draining        Necr           3%         2d6       43%         3
 Dispel Undead            Necr           3%         3d7       83%         4
 Arcjolt                  Conj/Air       5%         1d15      87%         5
 Agony                    Necr           3%         N/A       99%         5
 Maxwell's Capacitive Co  Air            3%         ∞         100%        8


Dungeon Overview and Level Annotations

Branches:
Dungeon (6/15)
 Temple: D:4-7

Altars:

Shops:
D:2 =

Annotations:
D:4 1 transporter, DeathPants's ghost, novice VSBr


Innate Abilities, Weirdness & Mutations

You have a pair of horns on your head.
Your demonic aura sometimes causes spilled blood to erupt in flames.


Message History

The adder bites you.
You are poisoned.
The adder poisons you! The orc warrior misses you. The adder barely misses you.
The orc warrior closely misses you.
You barely miss the adder.
The adder is almost dead.
You feel sick.
Your crimson imp blinks!
The adder closely misses you. The orc warrior barely misses you.
The adder misses you.
You slash the adder! Lightning courses through the adder!
You kill the adder!
You feel sick. The orc warrior closely misses you.
The orc warrior barely misses you. The orc hits you with a +0 dagger.
You hit the orc. You headbutt the orc.
The orc is heavily wounded.
You feel sick. The orc hits you with a +0 dagger.
The orc warrior hits you from afar with a +0 trident!
The orc attacks as you move away! The orc hits you with a +0 dagger.
You feel sick.
Your crimson imp blinks!
You feel sick.
You are no longer poisoned.
Your crimson imp disappears in a puff of smoke!
You feel better.
The orc warrior hits you with a +0 trident!
You hit the orc warrior but do no damage.
Lightning courses through the orc warrior!
The orc warrior is moderately wounded.
The orc warrior closely misses you.
The orc warrior hits you with a +0 trident!
* * * LOW HITPOINT WARNING * * *
It was a potion of invisibility.
You fade into invisibility!
The orc warrior completely misses you. The orc completely misses you.
You hit the orc warrior.
The orc warrior is heavily wounded.
You hit the orc but do no damage.
The orc warrior hits you with a +0 trident!
You die...

#.#.# #. #.#.#
#.#.# # #...# #.#.#
#.##...# #.#.#
.....#####.
#.#.######.#.......
#....##>...†>...# #
#.....#o##.###### #
#.......@o.# #
#.....#.#### #
##...##.# #
##.###.# # #.# #.#
# #.# #.# # #.###.#
# #.....# #####
#####.# #....


You could see an orc warrior (unable to see you) and an orc (unable to see you).

Vanquished Creatures
  A steam dragon (D:6)
  2 scorpions (D:6)
  An orc priest (D:2)
  A hound (D:4)
  A sleepcap (D:6)
  An iguana (D:6)
  6 adders
  An ufetubus (D:4)
  2 worms
  4 orcs
  5 ball pythons
  4 endoplasms
  4 goblins
  10 hobgoblins
  4 quokkas
  4 bats
  7 frilled lizards
  4 kobolds
  5 rats
67 creatures vanquished.

Vanquished Creatures (collateral kills)
  A dart slug (D:1)
  An orc (D:2)
  2 bats (D:1)
  A giant cockroach (D:1)
  4 hobgoblins (D:1)
  A quokka (D:4)
  2 ball pythons (D:1)
  4 rats (D:1)
16 creatures vanquished.

Grand Total: 83 creatures vanquished

Notes
Turn   | Place    | Note
-------+----------+-------------------------------------------
     0 | D:1      | PimpSugar the Demonspawn Hedge Wizard began the quest for
                  | the Orb.
     0 | D:1      | Reached XP level 1. HP: 13/13 MP: 4/4
   148 | D:1      | Reached skill level 1 in Translocations
   177 | D:1      | Found a faded altar of an unknown god.
   339 | D:1      | Gained mutation: You have a pair of small horns on your
                  | head. [demonic ancestry]
   339 | D:1      | Reached XP level 2. HP: 3/19 MP: 0/6
   409 | D:1      | Learned a level 2 spell: Call Imp
   412 | D:1      | Learned a level 2 spell: Blink
   414 | D:1      | Learned a level 1 spell: Slow
   897 | D:1      | Reached skill level 1 in Fighting
   897 | D:1      | Gained mutation: Your demonic aura sometimes causes spilled
                  | blood to erupt in flames. [demonic ancestry]
   897 | D:1      | Reached XP level 3. HP: 25/26 MP: 5/7
  1172 | D:2      | Gained mutation: You have a pair of horns on your head.
                  | [demonic ancestry]
  1172 | D:2      | Reached XP level 4. HP: 26/32 MP: 2/9
  1454 | D:2      | Found Hasoobra's Jewellery Shop.
  1984 | D:3      | Learned a level 3 spell: Vhi's Electric Charge
  2587 | D:3      | Reached XP level 5. HP: 11/37 MP: 10/10
  3006 | D:4      | Found Beink's CLEARANCE SALE!.
  3018 | D:4      | Reached skill level 1 in Hexes
  3053 | D:4      | Bought a scroll of teleportation for 9 gold pieces
  3053 | D:4      | Bought a scroll of amnesia for 12 gold pieces
  3144 | D:4      | Found a transporter.
  3159 | D:4      | Noticed DeathPants's ghost (novice VSBr)
  3169 | D:4      | You fall into a shaft and drop 2 floors!
  3180 | D:5      | Entered Level 5 of the Dungeon
  3255 | D:6      | Noticed a steam dragon
  3261 | D:6      | Killed a steam dragon
  3262 | D:6      | Reached XP level 6. HP: 44/44 MP: 6/11
  3288 | D:6      | Reached skill level 4 in Spellcasting
  3288 | D:6      | Reached skill level 1 in Air Magic
  3365 | D:6      | Noticed an orc warrior
  3389 | D:6      | Slain by an orc warrior

Illustrated notes

Levels and vault maps discovered:
D:1:      dpeg_arrival_ratfight, layout_basic, shapermc_ecumenical_altar_petra,
          st_stairs_9
D:2:      cheibrodos_pilgrimage, layout_rooms, serial_shops, shop
D:3:      layout_basic, serial_aquarium, aquarium_bridge_long_separate
          [aquarium_subvault_bridge, aquarium_subvault_wall,
          aquarium_subvault_wall, aquarium_subvault_wall,
          aquarium_subvault_bridge, aquarium_subvault_wall],
          aquarium_window_corridor_2, aquarium_window_1, aquarium_window_1,
          aquarium_window_2, aquarium_view_2a, aquarium_balcony_1a,
          kennysheep_potato
D:4:      layout_loops_cross, gammafunk_ghost_stat_death, minmay_misc_feat_chi,
          nicolae_shop_clearance, uniq_edmund
D:5:      layout_cave_pools, minmay_temple_entry_steel_oval,
          gammafunk_ghost_mausoleum
D:6:      layout_loops_ring, uniq_duvessa

Skill      XL: |  1  2  3  4  5  6 |
---------------+-------------------+-----
Translocations | 1 2 |  2.0
Stealth        | 2 |  2.7
Dodging        | 2 |  2.7
Fighting       | 1 2 |  2.0
Conjurations   | 2 3 |  3.1
Hexes          | 1 |  1.6
Summonings     | 2 |  2.2
Spellcasting   | 4 |  4.1
Air Magic      | 1 |  1.2

Action                     |  1- 3 |  4- 6 || total
---------------------------+-------+-------++-------
  Melee: Dagger            |    42 |       ||    42
         Headbutt          |     7 |    16 ||    23
         War axe           |     5 |   105 ||   110
   Cast: Magic Dart        |    20 |     4 ||    24
         Call Imp          |    12 |     3 ||    15
    Use: Scroll            |     2 |     3 ||     5
         Potion            |       |     4 ||     4
   Stab: Sleeping          |     1 |     3 ||     4
 Armour: Robe              |    14 |    20 ||    34
  Dodge: Dodged            |    60 |   129 ||   189

Table legend: (Time is in decaauts)
 A = Elapsed time spent in this place.
 B = Non-inter-level travel time spent in this place.
 C = Inter-level travel time spent in this place.
 D = Time resting spent in this place.
 E = Time spent auto-exploring this place.
 F = Levels seen in this place.
 G = Mean time per level.
                   A        B        C        D        E       F      G
               +--------+--------+--------+--------+--------+-----+--------+
         Total |   3441 |   3162 |    279 |    217 |   1745 |   6 |  573.5 |
       Dungeon |   3441 |   3162 |    279 |    217 |   1745 |   6 |  573.5 |
               +--------+--------+--------+--------+--------+-----+--------+

Top non-repeatable levels by time:
     D:3: 1218 daAuts
     D:1: 1092 daAuts
     D:2: 725 daAuts
     D:6: 224 daAuts
     D:4: 171 daAuts
     D:5: 8 daAuts
